 Dungeon Crawl Stone Soup version 0.18-a0-128-g78ce890 (webtiles) character file.

145 Duffy the Digger (level 5, -1/35 HPs)
             Began as a Formicid Earth Elementalist on Nov 22, 2015.
             Slain by a gnoll (7 damage)
             ... on level 2 of the Dungeon.
             The game lasted 00:04:01 (2692 turns).

Duffy the Digger (Formicid Earth Elementalist)      Turns: 2692, Time: 00:04:02

Health: -1/35      AC:  2    Str: 13    XL:     5   Next: 53%
Magic:  10/10      EV: 12    Int: 14    God:
Gold:   149        SH:  0    Dex: 12    Spells: 2 memorised, 7 levels left

rFire  . . .     SeeInvis +     b - 85 stones
rCold  . . .     Clarity  .     q - +0 robe
rNeg   . . .     SustAt   .     (no shield)
rPois  .         Gourm    .     (helmet unavailable)
rElec  .         Spirit   .     (no cloak)
rCorr  .         Warding  .     (no gloves)
rMut   .         Stasis   +     (no boots)
MR     .....                    (no amulet)
Stlth  ++........               (no ring)
                                (no ring)

@: not resistant to hostile enchantments, unstealthy
A: permanent stasis, dig shafts and tunnels, four strong arms, antennae 3
a: Dig, Shaft Self


You were on level 2 of the Dungeon.
You were not hungry.

You visited 1 branch of the dungeon, and saw 3 of its levels.

You collected 149 gold pieces.


Innate Abilities, Weirdness & Mutations

You are under a permanent stasis effect.
You can dig through walls and to a lower floor.
Your four strong arms can wield two-handed weapons with a shield.
You have a pair of large antennae on your head (SInv).


   Skills:
 - Level 1.7 Dodging
 - Level 2.4 Stealth
 - Level 3.5 Spellcasting
   Level 1.1 Transmutations
 + Level 6.0 Earth Magic


You had 7 spell levels left.
You knew the following spells:

 Your Spells              Type           Power        Failure   Level  Hunger
a - Sandblast             Erth           ###...       1%          1    None
c - Stone Arrow           Conj/Erth      ##....       21%         3    ###....

Inventory:

Hand Weapons
 a - a +0 dagger of venom
Missiles
 b - 85 stones (in hand)
 e - 33 poisoned needles
Armour
 l - a +1 robe of magic resistance
 q - a +0 robe (worn)
Scrolls
 g - 2 scrolls of magic mapping {unknown}
 h - 2 scrolls of teleportation {unknown}
 j - a scroll of noise {unknown}
 n - a scroll of enchant weapon {unknown}
 o - a scroll of fog {unknown}
 p - 2 scrolls of identify {unknown}
Potions
 i - a potion of flight {unknown}
Books
 c - a book of Geomancy
Comestibles
 d - 2 bread rations
 f - 2 meat rations
 k - a fruit
 m - a chunk of flesh

Dungeon Overview and Level Annotations

Branches:
Dungeon (3/15)

Altars:


Message History

m - 2 chunks of flesh (gained 1)
A gnoll comes into view.
A gnoll comes into view.
It is wielding a flail. 2 gnolls come into view.
The gnoll shouts! x4
The gnoll barely misses you.
You hit the gnoll.
The gnoll is poisoned.
The gnoll is lightly wounded.
The gnoll closely misses you.
You hit the gnoll but do no damage.
The gnoll is lightly wounded.
The gnoll hits you!
You hit the gnoll but do no damage.
The gnoll looks even sicker.
The gnoll barely misses you.
You completely miss the gnoll. The gnoll hits you.
You barely miss the gnoll. The gnoll hits you.
You hit the gnoll.
The gnoll is moderately wounded.
The gnoll hits you.
You are too injured to fight recklessly!
You are too injured to fight recklessly!
Some of the chunks of flesh in your inventory have rotted away.
The gnoll looks more healthy.
There is a stone staircase leading up here.
The gnoll hits you.
You climb upwards.
There is a stone staircase leading down here.
You barely miss the gnoll.
The gnoll is heavily wounded.
The gnoll misses you. The gnoll hits you!
Your +0 dagger of venom stops dripping with poison.
b - 85 stones (in hand)
The gnoll hits you!
You die...

#... ### #.## ##############
##.## #.# .............#
##.#.######.#
.).#########.#######.###.......#
....##### #.##.......#...#######
........# #.##.######.#.........
....###.####.##.######.#.########
...####.........@g......>#
.......#.###..#.##.#######
..<......###..#......#
....##.####......#.#.#
....)....).......#...#
#...##.####.#.##.###.## #...####
#...........# #...# ###.##<..#.##
#...# #.####.#.#


You could see a gnoll.

Action                   |  1- 3 |  4- 6 || total
-------------------------+-------+-------++-------
Melee: Unarmed           |       |     2 ||     2
       Dagger            |       |    14 ||    14
 Cast: Sandblast         |    54 |    61 ||   115
 Stab: Sleeping          |       |     1 ||     1
  Eat: Chunk             |     2 |     4 ||     6

Notes
Turn   | Place    | Note
--------------------------------------------------------------
     0 | D:1      | Duffy the Formicid Earth Elementalist began the quest for the Orb.
     0 | D:1      | Reached XP level 1. HP: 13/13 MP: 3/3
   129 | D:1      | Reached skill level 4 in Earth Magic
   129 | D:1      | Reached XP level 2. HP: 19/19 MP: 1/5
   306 | D:1      | Reached XP level 3. HP: 24/24 MP: 4/7
   705 | D:1      | Reached skill level 3 in Spellcasting
   731 | D:1      | Learned a level 3 spell: Stone Arrow
  1378 | D:2      | Reached XP level 4. HP: 27/30 MP: 5/8
  1446 | D:1      | Reached skill level 5 in Earth Magic
  2262 | D:2      | Reached XP level 5. HP: 35/35 MP: 8/10
  2453 | D:2      | Reached skill level 6 in Earth Magic
  2692 | D:2      | Slain by a gnoll

Vault maps used:
D:1:      dpeg_arrival_round_a, minmay_misc_feat_cross
D:3:      first_bread

Vanquished Creatures
  4 gnolls
  5 adders
  3 oozes
  An orc
  11 bats
  4 giant cockroaches
  6 goblins
  4 hobgoblins
  3 kobolds
  A quokka
  A ball python
  2 giant geckos
  4 giant newts
  5 rats
54 creatures vanquished.
